 Dungeon Crawl Stone Soup version 0.19-a0-645-gfd18b6f (webtiles) character file.

311 HarleyM the Basher (level 6, -1/62 HPs)
             Began as an Ogre Berserker on June 15, 2016.
             Was a Priest of Trog.
             Slain by a centaur (3 damage)
             ... on level 4 of the Dungeon.
             The game lasted 00:05:23 (3161 turns).

HarleyM the Basher (Ogre Berserker)                 Turns: 3161, Time: 00:05:24

Health: -1/62      AC:  3    Str: 23    XL:     6   Next: 42%
Magic:  6/6        EV: 10    Int:  6    God:    Trog [***...]
Gold:   34         SH:  0    Dex: 11    Spells: 0 memorised, 5 levels left

rFire  . . .     SeeInvis .     a - +0 mace
rCold  . . .     Gourm    .     b - +0 animal skin
rNeg   . . .     Faith    .     (no shield)
rPois  .         Spirit   .     (helmet restricted)
rElec  .         Dismiss  .     (no cloak)
rCorr  .         Reflect  .     (gloves unavailable)
SustAt .         Harm     .     (boots unavailable)
MR     .....                    (no amulet)
Stlth  +.........               (no ring)
                                (no ring)

@: not resistant to hostile enchantments, very unstealthy
A: unfitting armour, tough skin 1
a: Berserk, Trog's Hand, Burn Spellbooks, Renounce Religion


You were on level 4 of the Dungeon.
You worshipped Trog.
Trog was most pleased with you.
You were very hungry.

You visited 1 branch of the dungeon, and saw 4 of its levels.

You collected 34 gold pieces.

Inventory:

Hand Weapons
 a - a +0 mace (weapon)
Missiles
 e - 5 tomahawks (quivered)
Armour
 b - a +0 animal skin (worn)
Scrolls
 d - 5 scrolls of remove curse {unknown}
 j - a scroll of enchant weapon {unknown}
 k - 4 scrolls of identify {unknown}
 l - a scroll of recharging {unknown}
 q - a scroll of amnesia {unknown}
Potions
 f - a potion of heal wounds {unknown}
 i - a potion of brilliance {unknown}
 m - a potion of flight {unknown}
 o - 2 potions of degeneration {unknown}
 p - a potion of magic {unknown}
Comestibles
 c - 2 bread rations
 g - 2 fruits
 h - a royal jelly
 n - 2 meat rations


   Skills:
 - Level 4.0 Fighting
 + Level 9.2 Maces & Flails
 - Level 2.6 Dodging


You had 5 spell levels left.
You didn't know any spells.

Dungeon Overview and Level Annotations

Branches:
Dungeon (4/15)
 Temple: D:4-7

Altars:
Okawaru
Qazlal
Ru
Vehumet


Innate Abilities, Weirdness & Mutations

You are too large for most types of armour.
You have tough skin. (AC +1)


Message History

* * * LOW HITPOINT WARNING * * *
The centaur barely misses you.
You hit the centaur.
The centaur is heavily wounded.
The centaur hits you!
* * * LOW HITPOINT WARNING * * *
You hit the centaur.
The centaur is severely wounded.
The centaur hits you.
* * * LOW HITPOINT WARNING * * *
The centaur hits you but does no damage.
You're too hungry to go berserk.
You closely miss the centaur.
The centaur is severely wounded.
The centaur hits you.
* * * LOW HITPOINT WARNING * * *
You hit the centaur.
The centaur is severely wounded.
The centaur hits you.
You die...

#.# #.#
#.#.#
#.#
####.#.#
#.#
....#.#
#.#
#...#.#
#.#
#...#.#
#.#
#...#.#
#.#
#..c#.#
#.#
#...@.#
#.#
#...###
#.# #.##
#.# #
#.. ###


You could see a centaur.

Vanquished Creatures
  Blork the orc (D:4)
  A water moccasin skeleton (D:4)
  Terence (D:2)
  A worker ant (D:4)
  An orc wizard (D:3)
  6 adders
  2 worms
  A dart slug (D:1)
  2 giant geckos
  2 orcs (D:3)
  2 ball pythons (D:2)
  10 bats
  4 giant cockroaches
  7 goblins
  4 hobgoblins
  A jackal (D:1)
  5 giant newts
  6 kobolds
  6 rats
63 creatures vanquished.

Notes
Turn   | Place    | Note
--------------------------------------------------------------
     0 | D:1      | HarleyM the Ogre Berserker began the quest for the Orb.
     0 | D:1      | Reached XP level 1. HP: 24/24 MP: 1/1
    54 | D:1      | Reached XP level 2. HP: 28/32 MP: 2/2
   128 | D:1      | Reached skill level 5 in Maces & Flails
   504 | D:1      | Reached XP level 3. HP: 27/39 MP: 3/3
   510 | D:1      | Reached ** piety under Trog
   778 | D:2      | Found an iron altar of Okawaru.
  1056 | D:2      | Reached skill level 6 in Maces & Flails
  1275 | D:2      | Reached XP level 4. HP: 45/48 MP: 4/4
  1536 | D:2      | Noticed Terence
  1546 | D:2      | Killed Terence
  1584 | D:2      | Reached skill level 7 in Maces & Flails
  1815 | D:2      | Found a stormy altar of Qazlal.
  1817 | D:2      | Noticed a fire elemental
  1818 | D:2      | Noticed an earth elemental
  1818 | D:2      | Noticed an air elemental
  1818 | D:2      | Noticed a water elemental
  1892 | D:2      | Found a radiant altar of Vehumet.
  1958 | D:2      | Found a sacrificial altar of Ru.
  2059 | D:3      | Reached XP level 5. HP: 52/54 MP: 5/5
  2541 | D:3      | Reached *** piety under Trog
  2772 | D:4      | Reached skill level 8 in Maces & Flails
  3067 | D:4      | Noticed Blork the orc
  3083 | D:4      | Reached XP level 6. HP: 37/62 MP: 6/6
  3085 | D:4      | Killed Blork the orc
  3085 | D:4      | Reached skill level 9 in Maces & Flails
  3160 | D:4      | HP: 2/62 [centaur (5)]
  3161 | D:4      | Slain by a centaur

Vault maps used:
D:1:      lemuel_arrival_room
D:2:      overflow_temple_1_default, nicolae_ru_path_of_blood,
          fiery_altar_vehumet, nicolae_qazlal_style_of_elements, uniq_terence
D:3:      serial_bayou_pond_e
D:4:      minmay_temple_entry_enclosed_plants, uniq_blork_the_orc,
          uniq_eustachio

Skill      XL: |  1  2  3  4  5  6 |
---------------+-------------------+-----
Maces & Flails | 5 6 7 8 9 |  9.2
Fighting       | |  4.0
Dodging        | |  2.6

Action                   |  1- 3 |  4- 6 || total
-------------------------+-------+-------++-------
Melee: Mace              |    96 |   142 ||   238
Invok: Berserk           |     1 |     1 ||     2
  Eat: Chunk             |     2 |     6 ||     8
Armor: Animal skin       |    41 |    28 ||    69
Dodge: Dodged            |    63 |    58 ||   121
